 Dungeon Crawl Stone Soup version 0.29.1 (webtiles) character file.

Game seed: 12776526287271046390

559 Icepheonix32 the Covered (level 7, -1/61 HPs)
             Began as a Minotaur Fighter on Sept 14, 2022.
             Slain by an iguana (10 damage)
             ... on level 5 of the Dungeon.
             The game lasted 00:04:34 (3948 turns).

Icepheonix32 the Covered (Minotaur Fighter)         Turns: 3948, Time: 00:04:34

Health: -1/61      AC:  9    Str: 23    XL:     7   Next: 9%
Magic:  6/6        EV: 11    Int:  5    God:
Gold:   120        SH:  5    Dex: 15    Spells: 6/6 levels left

rFire   + + .      SeeInvis .   q - +3 dagger (vamp)
rCold   + . .      Faith    .   c - +0 buckler
rNeg    . . .      Spirit   .   a - +2 ring mail {rF+}
rPois   +          Reflect  .   (helmet restricted)
rElec   +          Harm     .   (no cloak)
rCorr   +          Rampage  .   (no gloves)
Will    .....                   n - +0 pair of boots
Stlth   +.........              (no amulet)
HPRegen 0.20/turn               x - +6 ring of dexterity
MPRegen 0.10/turn               (no ring)

@: resistant
A: horns 2, retaliatory headbutt
a: no special abilities


You were on level 5 of the Dungeon.
You visited 1 branch of the dungeon, and saw 5 of its levels.

You collected 120 gold pieces.

Inventory:

Hand Weapons
 h - a +2 mace of protection
 q - a +3 vampiric dagger (weapon)
Missiles
 w - a throwing net (quivered)
Armour
 a - a +2 ring mail of fire resistance (worn)
 b - a +0 scale mail
 c - a +0 buckler (worn)
 n - a +0 pair of boots (worn)
 s - a +0 chain mail
Jewellery
 x - a +6 ring of dexterity (left hand)
Wands
 i - a wand of flame (12)
 v - a wand of digging (5)
Scrolls
 f - 2 scrolls of identify
 g - 2 scrolls of enchant armour
 k - 2 scrolls of teleportation
 r - a scroll of brand weapon
 t - a scroll of magic mapping
 u - a scroll of vulnerability
Potions
 d - a potion of might
 l - a potion of lignification {unknown}
 m - a potion of curing
 o - a potion of flight {unknown}
 p - a potion of ambrosia {unknown}


   Skills:
 + Level 5.1 Fighting
 + Level 2.0 Short Blades
 - Level 3.3 Axes
 + Level 6.3 Armour
 + Level 2.6 Dodging
 + Level 0.2 Stealth
 + Level 5.6 Shields


You had 6 spell levels left.
You didn't know any spells.
Your spell library contained the following spells:

 Spells                   Type           Power      Damage    Failure   Level
 Sting                    Tmut/Pois      0%         1d3       71%         1
 Poisonous Vapours        Pois/Air       0%         N/A       83%         2
 Ozocubu's Armour         Ice            0%         N/A       97%         3
 Olgreb's Toxic Radiance  Pois           0%         N/A       100%        4
 Ozocubu's Refrigeration  Ice            0%         4d7       100%        7


Dungeon Overview and Level Annotations

Branches:
Dungeon (5/15)
 Temple: D:4-7

Altars:
Dithmenos
Zin


Innate Abilities, Weirdness & Mutations

You have a pair of horns on your head.
You reflexively headbutt those who attack you in melee.


Message History

You feel sick. You block the scorpion's attack.
You barely miss the scorpion.
You headbutt the scorpion, but do no damage.
The scorpion is almost dead.
You feel sick. You block the scorpion's attack.
You hit the scorpion.
You kill the scorpion!
You feel sick.
Your Short Blades skill increases to level 2!
You have reached level 7!
It was a potion of resistance.
You feel protected.
You feel sick. You block the iguana's attack.
Unknown command.
You hit the iguana.
The iguana is lightly wounded.
You feel sick.
You are no longer poisoned.
The iguana barely misses you. You furiously retaliate!
You headbutt the iguana!
It was a potion of curing.
You feel better. You block the iguana's attack.
Unknown command.
You hit the iguana but do no damage.
The iguana is severely wounded.
The iguana misses you. You furiously retaliate!
You headbutt the iguana, but do no damage.
You hit the iguana but do no damage.
The iguana is severely wounded.
The iguana barely misses you.
You hit the iguana but do no damage.
You headbutt the iguana, but do no damage.
The iguana is severely wounded.
You block the iguana's attack.
You hit the iguana but do no damage.
The iguana is severely wounded.
You block the iguana's attack.
You hit the iguana but do no damage.
You headbutt the iguana, but do no damage.
The iguana is severely wounded.
The iguana bites you!
You die...

...........#
#######<##.#
#####.##.#
#........#
#.###.####
#.# #.# #.#
#.# #.# #.#
#@# #.# #l#
#.# #.# #.#
#........
..###.###
##.. #.# #.#
..#


You could see an iguana.

Vanquished Creatures
  A black bear (D:3)
  A necrophage (D:4)
  2 scorpions
  A howler monkey (D:3)
  An orc priest (D:4)
  Jessica (D:2)
  An orc wizard (D:4)
  6 gnolls
  4 adders
  3 worms
  2 dart slugs
  3 orcs (D:4)
  4 bats
  10 endoplasms
  5 goblins
  8 hobgoblins
  3 quokkas
  7 ball pythons
  2 frilled lizards
  8 kobolds
  3 rats
  A spectral kobold (D:1)
77 creatures vanquished.

Notes
Turn   | Place    | Note
-------+----------+-------------------------------------------
     0 | D:1      | Icepheonix32 the Minotaur Fighter began the quest for the
                  | Orb.
     0 | D:1      | Reached XP level 1. HP: 19/19 MP: 0/0
    69 | D:1      | Found a faded altar of an unknown god.
   236 | D:1      | Reached XP level 2. HP: 27/27 MP: 1/1
   397 | D:1      | Reached skill level 4 in Armour
   808 | D:1      | Reached XP level 3. HP: 33/33 MP: 2/2
  1626 | D:2      | Reached XP level 4. HP: 37/40 MP: 3/3
  1724 | D:2      | Noticed Jessica
  1728 | D:2      | Killed Jessica
  2126 | D:3      | Reached skill level 5 in Shields
  2300 | D:3      | Noticed a black bear
  2302 | D:3      | Found a shadowy altar of Dithmenos.
  2312 | D:3      | Killed a black bear
  2313 | D:3      | Reached skill level 5 in Armour
  2313 | D:3      | Reached skill level 1 in Dodging
  2313 | D:3      | Reached XP level 5. HP: 35/47 MP: 4/4
  2313 | D:3      | Found a glowing silver altar of Zin.
  2856 | D:4      | Reached skill level 5 in Fighting
  2856 | D:4      | Reached XP level 6. HP: 16/56 MP: 5/5
  3116 | D:4      | Reached skill level 1 in Short Blades
  3470 | D:4      | Reached skill level 6 in Armour
  3897 | D:5      | Entered Level 5 of the Dungeon
  3941 | D:5      | Reached XP level 7. HP: 5/61 MP: 6/6
  3942 | D:5      | HP: 3/61 [poisoned by a scorpion]
  3948 | D:5      | Slain by an iguana

Illustrated notes

Levels and vault maps discovered:
D:1:      elethiomel_arrival_shortcut, layout_loops_corners,
          dreamdust_ecumenical_altar_drowned_temple, serial_glass,
          glass_columns_c, glass_columns_a
D:2:      layout_basic, serial_forest, infiniplex_forest_straight_2,
          infiniplex_forest_clump_long, infiniplex_forest_clump_double,
          infiniplex_forest_diagonal, infiniplex_forest_zigzag_2, uniq_jessica
D:3:      layout_loops_cross, jmf_multi_god_temple
D:4:      layout_basic
D:5:      layout_loops_ring, minmay_temple_entry_glass, ebering_ghost_gozag,
          minmay_misc_feat_four_crosses, chequers_serial_rivers_room_a

Skill      XL: |  1  2  3  4  5  6 |
---------------+-------------------+-----
Fighting       | 4 5 |  5.1
Armour         | 4 5 6 |  6.3
Shields        | 4 5 |  5.6
Axes           | 3 |  3.3
Dodging        | 1 2 |  2.6
Short Blades   | 2 |  2.0
Stealth        | |  0.2

Action                   |  1- 3 |  4- 6 |  7- 9 || total
-------------------------+-------+-------+-------++-------
Melee: War axe           |    83 |     7 |       ||    90
       Headbutt          |    13 |    36 |     2 ||    51
       Dagger            |       |   129 |     6 ||   135
  Use: Scroll            |       |     8 |       ||     8
       Potion            |       |       |     2 ||     2
Armor: Scale mail        |    45 |    35 |       ||    80
       Ring mail         |       |    28 |       ||    28
Dodge: Dodged            |    34 |    65 |     3 ||   102
Block: Buckler           |    28 |    29 |     4 ||    61
